 Dungeon Crawl Stone Soup version 0.17-a0-2014-g32cd421 (webtiles) character file.

697 wvc the Poker (level 7, -2/52 HPs)
             Began as a Mummy Chaos Knight on Oct 9, 2015.
             Slain by a killer bee (4 damage)
             ... on level 5 of the Dungeon.
             The game lasted 00:08:38 (5100 turns).

wvc the Poker (Mummy Chaos Knight)                  Turns: 5100, Time: 00:08:39

Health: -2/52      AC:  5    Str: 18    XL:     7   Next: 37%
Magic:  7/7        EV: 10    Int: 12    God:    Xom [....*.]
Gold:   295        SH:  7    Dex: 13    Spells: 0 memorised, 6 levels left

rFire  x . .     SeeInvis +     k - +3 whip (distort)
rCold  + . .     Clarity  .     e - +2 leather armour
rNeg   + + +     SustAt   .     u - +0 shield
rPois  ∞         Gourm    .     (no helmet)
rElec  .         Spirit   .     (no cloak)
rCorr  +         Warding  .     (no gloves)
rMut   .         Stasis   .     (no boots)
MR     .....                    j - amulet of resist corrosion
Stlth  +.........               i - ring of see invisible
                                p - +3 ring of strength

@: very slightly contaminated, hasted, very quick, not resistant to hostile
enchantments, very unstealthy
A: no food or potions, fire vulnerability, cold resistance 1, negative energy
resistance 3, torment resistance, unbreathing
a: Renounce Religion


You were on level 5 of the Dungeon.
You worshipped Xom.
You were a beloved toy of Xom.
You were not hungry.

You visited 1 branch of the dungeon, and saw 5 of its levels.

You collected 295 gold pieces.

Inventory:

Hand Weapons
 a - a +1 spear of chaos
 b - a +1 hunting sling of flaming
 k - a +3 whip of distortion (weapon)
 o - the +15 heavy crossbow "Sniper" {velocity, SInv}
   (You found it on level 4 of the Dungeon)

   Any bolt fired from it inflicts extra damage.
   It lets you see invisible.
Missiles
 f - 208 stones (quivered)
 g - 18 poisoned needles
 q - 38 bolts
 r - 7 javelins of returning
Armour
 e - a +2 leather armour (worn)
 u - a +0 shield (worn)
Jewellery
 d - an uncursed ring of sustain attributes
 i - a ring of see invisible (right hand)
 j - an amulet of resist corrosion (around neck)
 p - a +3 ring of strength (left hand)
Wands
 t - a wand of lightning (5)
Scrolls
 c - a scroll of fog
 h - 2 scrolls of magic mapping
 m - a scroll of amnesia
 n - a scroll of enchant armour
 s - a scroll of identify
 v - a scroll of remove curse


   Skills:
 - Level 3.0 Fighting
 * Level 4.2 Maces & Flails
 - Level 4.3 Polearms
 - Level 1.5 Armour
 - Level 3.2 Dodging
 + Level 0.7 Shields


You had 6 spell levels left.
You didn't know any spells.

Dungeon Overview and Level Annotations

Branches:
Dungeon (5/15)             Temple (0/1) D:4

Altars:
Okawaru
Xom
Zin


Innate Abilities, Weirdness & Mutations

You do not eat or drink.
Your flesh is vulnerable to fire.
You are immune to poison.
Your flesh is cold resistant.
You are immune to negative energy.
You are immune to unholy pain and torment.
You can survive without breathing.


Message History

You are too injured to fight recklessly!
You are too injured to fight recklessly!
You are too injured to fight recklessly!
You are too injured to fight recklessly!
You closely miss the killer bee.
The killer bee is heavily wounded.
The killer bee stings you.
* * * LOW HITPOINT WARNING * * *
You miss the killer bee.
The killer bee is heavily wounded.
The killer bee stings you.
* * * LOW HITPOINT WARNING * * *
You closely miss the killer bee.
The killer bee is heavily wounded.
The killer bee barely misses you.
You hit the killer bee but do no damage.
Space bends around the killer bee.
The killer bee is severely wounded.
The killer bee stings you.
You die...

## ################
##.# #.......#......#
#...# #.#####.#.####.#
.y.##.#####.#.####.#
....##@.......##.#
#..##y##.#.#.##.#
#..#.#y.##.##.#.#)##.#
..............#.>....#
#..#.#.##########.####
. ..... #......#
###.#. #.#.##.## ####
#.#.....# #.#.....#


You could see a killer bee.

Vanquished Creatures
  A big kobold (D:4)
  2 killer bees (D:5)
  2 scorpions (D:5)
  A giant frog zombie (D:5)
  2 orc wizards
  A centaur skeleton (D:4)
  2 iguanas (D:4)
  2 worker ants
  3 gnolls (D:2)
  9 adders
  An ooze (D:1)
  An adder skeleton (D:4)
  3 worms
  3 giant geckos
  8 orcs
  A ball python (D:3)
  3 giant cockroaches
  9 goblins
  6 hobgoblins
  2 jackals (D:3)
  3 quokkas
  8 bats
  2 giant newts
  28 kobolds
  A quokka skeleton (D:3)
  7 rats
  A fire vortex (D:5)
112 creatures vanquished.

Vanquished Creatures (others)
  A ball lightning (D:5)
  An orc wizard (D:5)
  A hobgoblin (D:3)
  A fire vortex (D:5)
  A plant (D:5)
5 creatures vanquished.

Grand Total: 117 creatures vanquished

Notes
Turn   | Place    | Note
--------------------------------------------------------------
     0 | D:1      | wvc the Mummy Chaos Knight began the quest for the Orb.
     0 | D:1      | Reached XP level 1. HP: 18/18 MP: 1/1
    72 | D:1      | XOM: potion effect (brilliance)
   280 | D:1      | Reached XP level 2. HP: 24/24 MP: 2/2
   746 | D:1      | XOM: harmless Erth miscast
   941 | D:2      | XOM: divination: detect items
   948 | D:2      | Reached XP level 3. HP: 19/29 MP: 3/3
   964 | D:2      | XOM: harmless Ice miscast
  1086 | D:2      | Found a glowing silver altar of Zin.
  1100 | D:2      | Reached skill level 1 in Dodging
  1107 | D:2      | Reached skill level 4 in Polearms
  1107 | D:2      | Reached XP level 4. HP: 10/35 MP: 4/4
  1794 | D:2      | You fall through a shaft!
  1871 | D:3      | XOM: divination: detect creatures
  2311 | D:3      | XOM: harmless Hex miscast
  2340 | D:3      | XOM: silly message
  2378 | D:3      | Reached XP level 5. HP: 41/41 MP: 5/5
  2600 | D:4      | XOM: potion effect (heal wounds)
  2711 | D:4      | Found a staircase to the Ecumenical Temple.
  2745 | D:4      | Reached skill level 1 in Maces & Flails
  3563 | D:4      | XOM: silly message
  3572 | D:4      | Reached XP level 6. HP: 40/47 MP: 6/6
  4159 | D:4      | XOM: mild Fire miscast
  4444 | D:5      | Entered Level 5 of the Dungeon
  4469 | D:5      | XOM: confusion (+ monsters)
  4474 | D:5      | XOM: polymorph orc priest -> scorpion
  4558 | D:5      | XOM: mild Fire miscast
  4666 | D:5      | Found an iron altar of Okawaru.
  4673 | D:5      | XOM: medium Divn miscast
  4674 | D:5      | XOM: god gift: leather armour {god gift}
  4677 | D:5      | Reached XP level 7. HP: 46/52 MP: 1/7
  4706 | D:5      | Found a shimmering altar of Xom.
  4747 | D:5      | XOM: cast spell 'Conjure Ball Lightning'
  4810 | D:5      | XOM: silly message
  4831 | D:5      | XOM: silly message
  4920 | D:5      | XOM: noise
  5013 | D:5      | XOM: confuse monster(s)
  5086 | D:5      | XOM: potion effect (haste)
  5098 | D:5      | HP: 1/52 [killer bee (5)]
  5100 | D:5      | Slain by a killer bee

Vault maps used:
D:1:      dpeg_arrival_water_fire
D:2:      nicolae_overflow_crystal_walls, serial_corexii_hall,
          corexii_hall_statues_u, corexii_hall_statues_i, first_bread
D:3:      serial_bayou_pond_a
D:4:      kennysheep_kobold_camp, temple_doors_e, grunt_ministairs_10
D:5:      okawaru_trees_2, basic_altar, serial_shops, kennysheep_little_box,
          serial_bayou_lake_a

Action                   |  1- 3 |  4- 6 |  7- 9 || total
-------------------------+-------+-------+-------++-------
Melee: Spear             |    89 |    67 |       ||   156
       Whip              |       |   148 |    63 ||   211
  Use: Scroll            |     3 |     9 |     1 ||    13
 Stab: Sleeping          |       |     2 |       ||     2
       Confused          |       |     1 |       ||     1
       Petrified         |       |     1 |       ||     1
